Map: Forteresse de fer EC

Players

DreamEater - Winner!

  • Race: Zerg Zerg

AgCl

  • Race: Protoss Protoss

VOD

Have the link to the VOD?

Description

Time

  • Played on: May 15, 2015, 2:11 a.m.
  • Length: 11:42
Show
View Real Time Build Order
Export as new Build Order

DreamEater Zerg - Winner!

Build Orders: Hatch First 

Get SALT Encoding   

  12  0:01  Drone  
  13  0:12  Overlord  
  13  0:17  Drone  
  14  0:30  Drone x2  
  14  0:34  Drone  
  17  0:45  Drone  
  18  0:57  Hatchery  
  17  1:10  Spawning Pool  
  16  1:14  Drone  
  16  1:17  Drone  
  18  1:24  Overlord  
  18  1:31  Drone  
  19  1:53  Drone  
  20  1:57  Hatchery, Drone  
  20  2:00  Drone  
  21  2:06  Queen  
  23  2:16  Queen  
  23  2:21  Drone  
  26  2:23  Drone  
  26  2:25  Drone  
  28  2:32  Drone x2  
  28  2:35  Drone  
  31  2:39  Extractor  
  31  2:41  Drone, Extractor  
  30  2:45  Extractor  
  30  2:47  Drone, Extractor  
  29  2:54  Drone x2  
  31  3:05  Drone x2  
  33  3:11  Drone  
  34  3:13  Overlord  
  34  3:16  Drone  
  34  3:19  Drone x2  
  37  3:20  Drone  
  37  3:26  Drone  
  39  3:28  Metabolic Boost  
  39  3:36  Lair  
  39  3:45  Roach Warren  
  39  3:47  Drone  
  39  3:52  Baneling Nest  
  38  3:56  Evolution Chamber  
  38  4:00  Evolution Chamber  
  38  4:02  Drone  
  37  4:04  Drone  
  37  4:07  Drone  
  39  4:13  Drone x2  
  39  4:16  Drone  
  42  4:19  Drone  
  42  4:21  Drone  
  44  4:28  Zerg Ground Armor Level 1  
  41  4:35  Roach  
  41  4:37  Roach  
  46  4:41  Glial Reconstitution  
  46  4:48  Roach x2  
  46  4:50  Roach  
  50  4:55  Overlord  
  50  4:57  Overlord  
  50  5:03  Spore Crawler  
  50  5:05  Spore Crawler  
  44  5:28  Roach x6  
  43  5:35  Roach x2  
  51  5:39  Drone  
  51  5:40  Drone  
  53  5:56  Spore Crawler  
  52  6:13  Queen  
  52  6:16  Drone x6  
  52  6:17  Spore Crawler  
  59  6:35  Drone  
  59  6:37  Overlord x4  
  59  6:38  Overlord  
  56  6:51  Zerg Ground Armor Level 2  
  56  6:55  Zerg Missile Weapons Level 1, Hydralisk Den  
  55  7:02  Spore Crawler  
  54  7:10  Drone  
  54  7:11  Drone x5  
  60  7:24  Hydralisk, Muscular Augments  
  60  7:28  Hydralisk  
  64  7:33  Hydralisk  
  66  7:38  Hydralisk  
  66  7:43  Hydralisk  
  70  7:48  Hydralisk  
  72  7:51  Ravager  
  72  7:52  Ravager, Hydralisk  
  72  7:56  Hydralisk  
  78  8:03  Hydralisk  
  78  8:05  Hydralisk  
  82  8:21  Hydralisk  
  82  8:26  Hydralisk  
  84  8:27  Hatchery  
  84  8:32  Hydralisk  
  87  8:36  Hydralisk  
  89  8:42  Hydralisk  
  89  8:45  Overlord  
  91  8:50  Overlord  
  91  8:57  Overlord  
  91  9:06  Hydralisk x2  
  95  9:20  Hydralisk x3  
  91  9:42  Hydralisk x4  
  95  9:54  Overseer x4  
  95  9:56  Pneumatized Carapace  
  91  10:04  Queen  
  91  10:06  Drone  
  92  10:13  Hydralisk  
  88  10:28  Drone x7  
  86  10:59  Drone  
  86  11:00  Drone x12  
  86  11:02  Extractor  
  86  11:03  Extractor  
  109  11:38  Infestation Pit  
Show
View Real Time Build Order
Export as new Build Order

AgCl Protoss 

Build Orders: Oracle Opening 

Get SALT Encoding   

  12  0:19  Pylon  
  12  0:21  Probe  
  13  0:33  Probe (Chrono Boost)  
  14  0:39  Gateway  
  14  0:45  Probe (Chrono Boost)  
  15  0:52  Probe (Chrono Boost)  
  16  1:02  Probe  
  17  1:13  Assimilator  
  17  1:14  Probe  
  17  1:18  Pylon  
  18  1:26  Probe (Chrono Boost)  
  19  1:37  Cybernetics Core  
  19  1:38  Probe (Chrono Boost)  
  20  1:46  Probe (Chrono Boost)  
  21  1:55  Probe (Chrono Boost)  
  22  2:04  Assimilator  
  22  2:07  Probe (Chrono Boost), Nexus  
  23  2:15  Warp Gate (Chrono Boost)  
  24  2:16  Probe (Chrono Boost)  
  24  2:18  Adept  
  26  2:24  Probe  
  27  2:36  Probe  
  28  2:42  Gateway  
  28  2:47  Gateway  
  28  2:49  Probe  
  29  2:58  Pylon  
  29  3:01  Probe  
  30  3:14  Stargate  
  30  3:16  Mothership Core (Chrono Boost)  
  32  3:24  Gateway  
  33  3:29  Probe (Chrono Boost)  
  33  3:31  Probe (Chrono Boost)  
  34  3:39  Probe (Chrono Boost)  
  35  3:45  Probe (Chrono Boost)  
  36  3:51  Probe (Chrono Boost)  
  36  3:53  Pylon  
  38  3:58  Probe (Chrono Boost)  
  38  3:59  Oracle (Chrono Boost)  
  38  4:02  Probe, Gateway  
  42  4:05  Assimilator  
  42  4:08  Probe (Chrono Boost)  
  43  4:11  Adept  
  43  4:14  Probe (Chrono Boost)  
  46  4:23  Gateway  
  48  4:24  Probe (Chrono Boost)  
  48  4:25  Probe (Chrono Boost)  
  48  4:31  Adept  
  48  4:34  Zealot  
  52  4:38  Void Ray (Chrono Boost)  
  52  4:40  Probe (Chrono Boost)  
  52  4:45  Probe (Chrono Boost)  
  58  4:51  Assimilator  
  58  4:52  Protoss Air Weapons Level 1  
  59  4:57  Probe (Chrono Boost)  
  59  4:58  Probe (Chrono Boost)  
  60  5:19  Probe x2  
  60  5:24  Pylon  
  60  5:27  Void Ray (Chrono Boost)  
  60  5:43  Gateway  
  60  5:45  Pylon  
  60  5:47  Gateway  
  60  5:49  Pylon  
  60  5:53  Twilight Council  
  60  5:59  Nexus  
  60  6:03  Probe x2  
  60  6:04  Pylon  
  62  6:08  Void Ray (Chrono Boost)  
  62  6:10  Pylon  
  66  6:15  Probe x2  
  66  6:17  Pylon  
  68  6:20  Pylon  
  68  6:23  Forge  
  68  6:27  Probe  
  67  6:42  Stalker x2  
  67  6:43  Stalker  
  67  6:44  Stalker  
  75  6:54  Charge (Chrono Boost)  
  75  6:57  Protoss Ground Weapons Level 1 (Chrono Boost)  
  75  6:59  Phoenix (Chrono Boost)  
  77  7:05  Dark Shrine  
  77  7:07  Nexus  
  77  7:09  Assimilator  
  77  7:13  Assimilator  
  77  7:17  Pylon  
  77  7:27  Void Ray (Chrono Boost)  
  81  7:30  Probe  
  81  7:34  Probe  
  83  7:43  Probe  
  84  7:52  Fleet Beacon  
  84  7:54  Probe  
  84  7:57  Templar Archives  
  85  8:00  Pylon  
  85  8:12  Void Ray (Chrono Boost)  
  89  8:18  Protoss Air Armor Level 1 (Chrono Boost)  
  89  8:26  Carrier (Chrono Boost)  
  89  8:32  Psionic Storm  
  89  8:42  Zealot  
  89  8:43  Zealot x3  
  103  8:52  Photon Cannon  
  103  8:55  Pylon  
  103  8:56  Nexus  
  103  8:58  Pylon  
  103  9:05  Pylon  
  103  9:07  Gateway, Protoss Ground Weapons Level 2  
  103  9:11  Gateway  
  99  9:28  Zealot  
  99  9:29  Zealot x3  
  67  9:41  Dark Templar x3  
  67  9:42  Dark Templar  
  65  9:51  Zealot x3  
  65  9:52  Zealot  
  69  10:11  Zealot  
  69  10:12  Zealot x3  
  69  10:13  Zealot  
  69  10:14  Zealot x2  
  75  10:30  Dark Templar x4  
  75  10:33  Archon  
  75  10:34  Archon  
  61  10:48  Probe (Chrono Boost)  
  61  10:49  Probe (Chrono Boost)  
  64  10:54  Probe (Chrono Boost)  
  60  10:57  High Templar x2  
  60  10:58  Probe x2 (Chrono Boost)  
  60  10:59  Zealot  
  60  11:00  Zealot x2  
  60  11:01  Probe (Chrono Boost)  
  71  11:10  Assimilator  
  71  11:14  Assimilator  
  71  11:17  Pylon  
  71  11:23  Zealot x2  
  75  11:27  Zealot  
Tags
 
Add a new tag
Caveats
  • Supply blocks, unpowered buildings, or Contaminate may cause inaccurate times.
  • Supply counts are checked every 10 seconds.